 Dungeon Crawl Stone Soup version 0.30-a0-777-ga9a30cbeda (webtiles) character file.

Game seed: 4908045696030936201

134 retardedninja the Shield-Bearer (level 5, -1/33 HPs)
             Began as a Gargoyle Fighter on Feb 14, 2023.
             Slain by an orc
             ... wielding a +0 flail
              (6 damage)
             ... on level 4 of the Dungeon.
             The game lasted 00:03:44 (2439 turns).

retardedninja the Shield-Bearer (Gargoyle Fighter)  Turns: 2439, Time: 00:03:44

Health: -1/33      AC: 11    Str: 21    XL:     5   Next: 17%
Magic:  5/5        EV:  9    Int:  9    God:
Gold:   239        SH:  4    Dex:  9    Spells: 4/4 levels left

rFire   . . .      SeeInvis .    a - +0 flail
rCold   . . .      Faith    .    c - +0 buckler
rNeg    + . .      Spirit   .    b - +0 scale mail
rPois   ∞          Reflect  .    (no helmet)
rElec   +          Harm     .    (no cloak)
rCorr   .          Rampage  .    (no gloves)
Will    .....                    (no boots) Stlth
                                 (no amulet)
HPRegen 0.25/turn                (no ring)
MPRegen 0.09/turn                (no ring)

@: mighty, hasted, very quick
A: sickness immunity, AC +4, negative energy resistance 1, electricity
resistance, torment resistance 1, petrification resistance
a: no special abilities


You were on level 4 of the Dungeon.
You visited 1 branch of the dungeon, and saw 4 of its levels.

You collected 239 gold pieces.

Inventory:

Hand Weapons
 a - a +0 flail (weapon)
Armour
 b - a +0 scale mail (worn)
 c - a +0 buckler (worn)
Jewellery
 k - an amulet of faith
Scrolls
 e - 3 scrolls of teleportation {unknown}
 f - a scroll of brand weapon {unknown}
 g - a scroll of blinking {unknown}
 i - a scroll of acquirement {unknown}
 j - 2 scrolls of identify {unknown}
 l - 2 scrolls of magic mapping {unknown}
 n - a scroll of fog {unknown}
 r - a scroll of silence {unknown}
Potions
 d - 2 potions of might
 h - a potion of haste
 m - a potion of curing
 o - a potion of heal wounds {unknown}
 p - a potion of degeneration {unknown}
 q - a potion of brilliance {unknown}
 s - a potion of attraction {unknown}


   Skills:
 + Level 4.2 Fighting
 + Level 3.1 Maces & Flails
 + Level 4.2 Armour
 + Level 4.2 Shields


You had 4 spell levels left.
You didn't know any spells.
Your spell library was empty.

Dungeon Overview and Level Annotations

Branches:
Dungeon (4/15)
 Temple: D:4-7

Altars:
Dithmenos
Nemelex Xobeh
Trog
Wu Jian


Innate Abilities, Weirdness & Mutations

You are immune to sickness and miasma.
Your stone body is resilient. (AC +4)
You are immune to poison.
You resist negative energy. (rN+)
You are resistant to electric shocks. (rElec)
You are resistant to unholy torment.
You are immune to petrification.


Message History

The orc wizard is severely wounded.
The orc wizard points at you and mumbles some strange words.
The puff of flame hits you! The orc barely misses you.
The orc hits you but does no damage.
You are too injured to fight recklessly!
You are too injured to fight recklessly!
You are too injured to fight recklessly!
You are too injured to fight recklessly!
You are too injured to fight recklessly!
You are too injured to fight recklessly!
You are too injured to fight recklessly!
You are too injured to fight recklessly!
You are too injured to fight recklessly!
You barely miss the orc wizard.
The orc wizard is severely wounded.
The orc wizard gestures at you while chanting.
You are confused.
The orc hits you with a +0 flail. The orc hits you but does no damage.
The orc closely misses you. The orc wizard closely misses you.
The orc closely misses you.
You miss the orc wizard.
The orc wizard is severely wounded.
The orc wizard casts a spell at you. The puff of flame misses you.
The orc hits you but does no damage. The orc barely misses you.
The orc wizard barely misses you. The orc hits you with a +0 flail.
* * * LOW HITPOINT WARNING * * *
It was a potion of curing.
You feel better. The orc wizard closely misses you.
The orc hits you with a +0 flail. The orc barely misses you.
It was a potion of haste.
You feel yourself speed up.
The orc wizard hits you but does no damage.
The orc hits you with a +0 flail.
* * * LOW HITPOINT WARNING * * *
The orc hits you with a +0 club.
* * * LOW HITPOINT WARNING * * *
You feel very mighty all of a sudden.
The orc wizard gestures at you while chanting.
The puff of flame hits you but does no damage.
The orc hits you with a +0 flail.
You die...

.........# .........#
##.###..### ## †#.#
###..####.... . .)##
##......# ###.. ###
.####..########.>. #
._.......##......##
###..######(.........#
..## ####.....@o...###
...# #........oo......
####
#...............###
#...!...$.......# #
................#
##..##.....##..##
$......#.#.. #..#
............. ..#
?.............


You could see an orc wizard and 2 orcs.

Vanquished Creatures
  4 adders (D:2)
  3 worms
  5 dart slugs
  9 ball pythons
  6 endoplasms
  2 giant cockroaches
  12 goblins
  3 hobgoblins
  5 jackals
  4 quokkas
  4 bats
  8 frilled lizards
  4 kobolds
  5 rats
74 creatures vanquished.

Notes
Turn   | Place    | Note
-------+----------+-------------------------------------------
     0 | D:1      | retardedninja the Gargoyle Fighter began the quest for the
                  | Orb.
     0 | D:1      | Reached XP level 1. HP: 14/14 MP: 1/1
    52 | D:1      | Reached XP level 2. HP: 19/19 MP: 2/2
   220 | D:1      | Reached XP level 3. HP: 23/23 MP: 3/3
   731 | D:2      | Reached XP level 4. HP: 28/29 MP: 4/4
  1603 | D:3      | Found a sparkling altar of Nemelex Xobeh.
  1603 | D:3      | Found a shadowy altar of Dithmenos.
  1638 | D:3      | Reached XP level 5. HP: 33/33 MP: 5/5
  1742 | D:3      | Found a bloodstained altar of Trog.
  2422 | D:4      | Found an ornate altar of the Wu Jian Council.
  2439 | D:4      | Slain by an orc

Illustrated notes

Levels and vault maps discovered:
D:1:      dpeg_arrival_simpleton_b, layout_rooms
D:2:      layout_loops_cross, kennysheep_path_1, minmay_quantized
D:3:      layout_loops_corners, bloody_trog, amethyst_overflow_temple_binary,
          minmay_misc_feat_roman, lightli_corner_chamber
D:4:      layout_rooms, pdpol_wu_jian_five_deadly_venoms,
          dancing_weapons_uskayaw, nicolae_shop_self_help, uniq_sigmund

Skill      XL: |  1  2  3  4 |
---------------+-------------+-----
Shields        | 4 |  4.2
Fighting       | 4 |  4.2
Armour         | 4 |  4.2
Maces & Flails | 3 |  3.1

Action                     |  1- 3 |  4- 6 || total
---------------------------+-------+-------++-------
  Melee: Flail             |   116 |   174 ||   290
    Use: Potion            |       |     3 ||     3
 Armour: Scale mail        |    74 |   118 ||   192
  Dodge: Dodged            |    65 |    99 ||   164
  Block: Buckler           |    25 |    48 ||    73

Table legend: (Time is in decaauts)
 A = Elapsed time spent in this place.
 B = Non-inter-level travel time spent in this place.
 C = Inter-level travel time spent in this place.
 D = Time resting spent in this place.
 E = Time spent auto-exploring this place.
 F = Levels seen in this place.
 G = Mean time per level.
                   A        B        C        D        E       F      G
               +--------+--------+--------+--------+--------+-----+--------+
         Total |   2527 |   2487 |     40 |    111 |   1803 |   4 |  631.8 |
       Dungeon |   2527 |   2487 |     40 |    111 |   1803 |   4 |  631.8 |
               +--------+--------+--------+--------+--------+-----+--------+

Top non-repeatable levels by time:
     D:2: 947 daAuts
     D:3: 905 daAuts
     D:1: 592 daAuts
     D:4: 82 daAuts
